 Dungeon Crawl Stone Soup version 0.23-a0-767-gdc19b93d68 (webtiles) character file.

14473 KapersCrawl the Peltast (level 11, -4/86 HPs)
             Began as a Minotaur Fighter on Jan 21, 2019.
             Was a High Priest of Okawaru.
             Engulfed by a cloud of flame (7 damage)
             ... on level 11 of the Dungeon.
             The game lasted 00:36:36 (11396 turns).

KapersCrawl the Peltast (Minotaur Fighter)         Turns: 11396, Time: 00:36:36

Health: -4/86      AC: 17    Str: 22    XL:     11   Next: 89%
Magic:  11/11      EV:  8    Int:  5    God:    Okawaru [*****.]
Gold:   719        SH: 20    Dex: 15    Spells: 10/10 levels left

rFire    . . .     SeeInvis .   a - +1 war axe
rCold    . . .     Gourm    .   c - +3 shield
rNeg     . . .     Faith    .   m - +0 plate armour
rPois    +         Spirit   .   (helmet restricted)
rElec    .         Reflect  +   O - +2 cloak {rPois}
rCorr    +         Harm     .   (no gloves)
MR       .....                  (no boots)
Stlth    ..........             h - +3 amulet of reflection
HPRegen  0.24/turn              B - ring of resist corrosion
MPRegen  0.12/turn              C - ring "Ciump" {AC+2 Dex+3}

@: starving
A: retaliatory headbutt, horns 2
a: Heroism, Finesse, Renounce Religion


You were on level 11 of the Dungeon.
You worshipped Okawaru.
Okawaru was extremely pleased with you.
You were starving.

You visited 2 branches of the dungeon, and saw 12 of its levels.

You collected 719 gold pieces.

Inventory:

Hand Weapons
 a - a +1 war axe (weapon)
Missiles
 g - 284 stones
 l - 108 sling bullets
 v - 8 javelins
 J - 7 tomahawks (quivered)
Armour
 c - a +3 shield (worn)
 m - a +0 plate armour (worn)
 O - a +2 cloak of poison resistance (worn)
Jewellery
 h - a +3 amulet of reflection (around neck)
 i - an uncursed amulet of regeneration {unknown}
 B - a ring of resist corrosion (left hand)
 C - the ring "Ciump" (right hand) {AC+2 Dex+3}
   (You found it on level 8 of the Dungeon)

   [ring of protection]

   It affects your AC (+2).
   It affects your dexterity (+3).
Wands
 d - a wand of paralysis (12)
 w - a wand of flame (20)
 x - a wand of acid (3)
 D - a wand of digging (9)
 K - a wand of disintegration (2)
Scrolls
 o - a scroll of fear {unknown}
 p - a scroll of fog
 q - 4 scrolls of immolation
 s - 5 scrolls of remove curse
 t - a scroll of noise {unknown}
 y - 4 scrolls of enchant weapon
 z - a scroll of random uselessness {unknown}
 A - a scroll of blinking
 F - a scroll of holy word {unknown}
 G - 5 scrolls of amnesia {unknown}
 I - 3 scrolls of teleportation {unknown}
 N - a scroll of brand weapon {unknown}
Potions
 b - 3 potions of heal wounds
 e - a potion of haste {unknown}
 j - 6 potions of curing
 k - 2 potions of flight
 n - a potion of cancellation
 r - a potion of magic
 u - 2 potions of brilliance
 E - a potion of agility
 L - a potion of might
Miscellaneous
 M - a sack of spiders
Comestibles
 f - 23 rations


   Skills:
 - Level 5.0 Fighting
 + Level 15.0 Axes
 - Level 0.1 Throwing
 - Level 5.1 Armour
 - Level 4.0 Dodging
 - Level 0.1 Stealth
 - Level 15.0 Shields
 - Level 2.2 Invocations


You had 10 spell levels left.
You didn't know any spells.
Your spell library contained the following spells:

 Spells                   Type           Power        Failure   Level  Hunger
 Confusing Touch          Hex            #.....       100%        1    ##.....
 Confuse                  Hex            #.......     100%        3    ####...
 Gell's Gravitas          Tloc           #.........   100%        3    ####...
 Petrify                  Tmut/Erth      #.......     100%        4    #####..
 Metabolic Englaciation   Hex/Ice        #.........   100%        5    ######.
 Yara's Violent Unravell  Hex/Tmut       #.........   100%        5    ######.


Dungeon Overview and Level Annotations

Branches:
Dungeon (11/15)            Temple (1/1) D:6            Lair (0/6) D:9
    Orc (0/2) D:9

Altars:
Ashenzari
Cheibriados
Dithmenos
Elyvilon
Fedhas
Gozag
Hepliaklqana
Kikubaaqudgha
Makhleb
Nemelex Xobeh
Okawaru
Qazlal
Ru
Sif Muna
Trog
Uskayaw
Vehumet
Wu Jian
Xom
Yredelemnul
Zin
The Shining One

Shops:
D:4 :

Annotations:
D:4 Grinder
D:5 exclusion: upstairs


Innate Abilities, Weirdness & Mutations

You reflexively headbutt those who attack you in melee.
You have a pair of horns on your head.


Message History

You barely miss Psyche. You block Psyche's attack.
You block the orc warrior's attack.
You are starving!
You slash the orc warrior!
The orc warrior explodes!
The fiery explosion engulfs Psyche.
Psyche is almost dead.
The fiery explosion engulfs you!
* * * LOW HITPOINT WARNING * * *
Okawaru accepts your kill.
Training target 15.0 for Shields reached!
Your Shields skill increases to level 15!
You slash Psyche!
Psyche explodes!
The fiery explosion engulfs you!
* * * LOW HITPOINT WARNING * * *
Okawaru accepts your kill.
Your Axes skill increases to level 15!
You are engulfed in blazing flames.
You die...

#.....# #.....# #.....#
#.....# ###.. ### #.....###
#...o ##########.## #####....
#....%#..%§§§§....# #....
+....%'..%§§§§%...# #....
#.....#'####@##..########....
.....o....##)#####.........#.
.....@....'......'......(..#.
..........#......#.....(#..'.
..........#'######......#.##.
.....####.....(.....#####.###
.... #........(..#........
... .'...........'......). ..
.##...........##..#####


There were no monsters in sight!

Vanquished Creatures
  Snorg (D:11)
  3 two-headed ogres
  An unseen horror (D:9)
  An ugly thing (D:11)
  Maurice (D:8)
  Psyche (D:11)
  5 centaur skeletons
  A gargoyle (D:10)
  3 trolls (D:11)
  Prince Ribbit (D:8)
  A wyvern (D:9)
  11 yaks (D:9)
  A wraith (D:11)
  A hungry ghost (D:11)
  A steam dragon (D:8)
  A basilisk (D:9)
  2 water moccasins
  4 porcupines (D:9)
  2 ice beasts
  3 orc warriors
  A black bear (D:10)
  An eye of draining (D:10)
  3 phantoms
  3 sky beasts
  A necrophage (D:10)
  7 ogres
  6 centaurs
  2 crocodiles (D:9)
  10 bullfrogs
  A scorpion (D:9)
  A water moccasin skeleton (D:5)
  A howler monkey (D:6)
  4 crimson imps
  A centaur zombie (D:11)
  2 bullfrog zombies
  6 hounds
  5 jellies
  2 bullfrog skeletons
  5 orc wizards
  3 iguanas
  6 orc priests
  5 worker ants
  A hound zombie (D:10)
  A hound skeleton (D:4)
  A worker ant zombie (D:11)
  A howler monkey skeleton (D:9)
  12 adders
  2 shadow imps
  5 oozes (D:10)
  A worm (D:2)
  A dart slug (D:2)
  6 leopard geckos
  32 orcs
  11 giant cockroaches
  5 hobgoblins
  13 jackals
  3 quokkas
  3 ball pythons
  5 bats
  7 frilled lizards
  5 goblins
  A jackal skeleton (D:7)
  9 kobolds
  A quokka skeleton (D:7)
  4 rats
251 creatures vanquished.

Vanquished Creatures (collateral kills)
  An orc priest (D:11)
1 creature vanquished.

Vanquished Creatures (others)
  Sonja (D:11)
  A sky beast (D:7)
  A centaur (D:9)
  An orc (D:10)
  3 fungi (D:9)
  9 plants (D:9)
16 creatures vanquished.

Grand Total: 268 creatures vanquished

Notes
Turn   | Place    | Note
-------+----------+-------------------------------------------
     0 | D:1      | KapersCrawl the Minotaur Fighter began the quest for the
                  | Orb.
     0 | D:1      | Reached XP level 1. HP: 19/19 MP: 0/0
   608 | D:2      | Reached XP level 2. HP: 26/27 MP: 1/1
   927 | D:2      | Reached XP level 3. HP: 31/33 MP: 2/2
  1332 | D:3      | Noticed a bullfrog
  1345 | D:3      | Killed a bullfrog
  1345 | D:3      | Reached XP level 4. HP: 38/41 MP: 3/3
  1473 | D:3      | Reached XP level 5. HP: 21/47 MP: 4/4
  1703 | D:3      | Found a blossoming altar of Fedhas.
  2434 | D:4      | Reached skill level 5 in Fighting
  2439 | D:4      | Reached skill level 5 in Armour
  2615 | D:4      | Reached XP level 6. HP: 56/56 MP: 5/5
  2682 | D:4      | Reached skill level 5 in Axes
  2858 | D:4      | Found Oquo's Book Shop.
  2919 | D:4      | Noticed Grinder
  2925 | D:5      | Entered Level 5 of the Dungeon
  3166 | D:5      | Reached XP level 7. HP: 11/61 MP: 6/6
  3247 | D:5      | Reached skill level 1 in Dodging
  4337 | D:6      | Reached skill level 5 in Shields
  4523 | D:6      | Reached XP level 8. HP: 68/68 MP: 7/7
  4771 | D:6      | Found a staircase to the Ecumenical Temple.
  4783 | Temple   | Entered the Ecumenical Temple
  4931 | Temple   | Became a worshipper of Warmaster Okawaru
  5621 | D:7      | Reached skill level 10 in Axes
  5781 | D:7      | Reached * piety under Okawaru
  6144 | D:8      | Found a radiant altar of Vehumet.
  6164 | D:8      | Noticed Prince Ribbit
  6174 | D:8      | Killed Prince Ribbit
  6174 | D:8      | Reached XP level 9. HP: 74/74 MP: 8/8
  6470 | D:8      | Got a scorched bone ring
  6522 | D:8      | Reached ** piety under Okawaru
  6803 | D:8      | Identified the ring "Ciump" {AC+2 Dex+3} (You found it on
                  | level 8 of the Dungeon)
  6891 | D:9      | Found a staircase to the Lair.
  6926 | D:9      | Reached skill level 10 in Shields
  7021 | D:9      | Reached *** piety under Okawaru
  7021 | D:9      | Reached XP level 10. HP: 54/81 MP: 6/9
  7023 | D:9      | Reached skill level 1 in Invocations
  7464 | D:9      | Found a staircase to the Orcish Mines.
  7497 | D:9      | Noticed a two-headed ogre
  7504 | D:9      | Killed a two-headed ogre
  7668 | D:9      | You fall through a shaft!
  7668 | D:10     | Entered Level 10 of the Dungeon
  7834 | D:11     | Reached **** piety under Okawaru
  8315 | D:10     | Noticed a two-headed ogre
  8325 | D:10     | Killed a two-headed ogre
  8325 | D:10     | Reached ***** piety under Okawaru
  8325 | D:10     | Reached XP level 11. HP: 62/86 MP: 8/11
  8691 | D:8      | Noticed Maurice
  9604 | D:8      | Killed Maurice
  9841 | D:9      | Killed an unseen horror
  9841 | D:9      | Received a gift from Okawaru
 10795 | D:11     | Noticed Snorg
 10820 | D:11     | Killed Snorg
 10919 | D:11     | Noticed Sonja
 11043 | D:11     | Noticed a two-headed ogre
 11053 | D:11     | Killed a two-headed ogre
 11208 | D:11     | Killed Sonja
 11316 | D:11     | Noticed a cyan ugly thing
 11328 | D:11     | Killed a cyan ugly thing
 11385 | D:11     | Noticed Psyche
 11396 | D:11     | Reached skill level 15 in Shields
 11396 | D:11     | Killed Psyche
 11396 | D:11     | HP: 3/86 [Psyche/exploding inner flame[the player
                  | character] (7)]
 11396 | D:11     | Reached skill level 15 in Axes
 11396 | D:11     | Engulfed by a cloud of flame

Vault maps used:
D:1:      dpeg_arrival_pond
D:2:      minmay_alternating_diamond, first_ration
D:3:      fedhas_altar_2
D:4:      wander_river, serial_shops, shop_fountains, uniq_grinder
D:6:      minmay_temple_entry_stoned_glass, kennysheep_generic_room_14
D:8:      fiery_altar_vehumet, uniq_maurice, uniq_prince_ribbit1
D:9:      minmay_lair_entry_grove, david_orc_2
D:10:     serial_column_ruins, column_ruins_hut, column_ruins_hut,
          column_ruins_open_medium, column_ruins_columns_water,
          column_ruins_corridor_water, column_ruins_open_tiny,
          hangedman_little_slice_of_home, nrook_mini_vaults, minmay_microvault
D:11:     nrook_campfire, minmay_the_grid_square_5x5_3x3_mashed, uniq_snorg,
          uniq_psyche, uniq_sonja
Temple:   kilobyte_greek_temple

Skill      XL: |  1  2  3  4  5  6  7  8  9 10 11 |
---------------+----------------------------------+-----
Fighting       | 4 5 |  5.0
Shields        | 4 5 8 11 13 15 | 15.0
Armour         | 4 5 |  5.1
Axes           | 3 4 7 8 10 11 13 15 | 15.0
Dodging        | 2 4 |  4.0
Invocations    | 2 |  2.2
Throwing       | |  0.1
Stealth        | |  0.1

Action                   |  1- 3 |  4- 6 |  7- 9 | 10-12 || total
-------------------------+-------+-------+-------+-------++-------
Melee: War axe           |    82 |   138 |   301 |   384 ||   905
       Headbutt          |     7 |    18 |    61 |   102 ||   188
Throw: Javelin           |       |       |     8 |       ||     8
       Stone             |       |       |     5 |       ||     5
       Tomahawk          |       |       |       |     2 ||     2
Invok: Heroism           |       |       |     2 |    10 ||    12
       Finesse           |       |       |       |     1 ||     1
Evoke: Wand              |       |       |     1 |    11 ||    12
       Sack of spiders   |       |       |       |     4 ||     4
  Use: Scroll            |       |     8 |     6 |     6 ||    20
       Potion            |       |     1 |     1 |       ||     2
  Eat: Chunk             |     1 |     6 |    13 |    10 ||    30
       Ration            |       |       |       |     1 ||     1
Armor: Scale mail        |    15 |       |       |       ||    15
       Plate armour      |    48 |   124 |   105 |   119 ||   396
Dodge: Dodged            |    38 |    43 |    52 |    56 ||   189
Block: Other             |       |     5 |     8 |       ||    13
       Shield            |       |       |   175 |   277 ||   452
       Reflection        |       |       |    12 |    12 ||    24

Table legend:
 A = Non-vault XP
 B = Vault XP
 C = Vault XP percentage of total XP
 D = Non-vault monster count
 E = Vault monster count
 F = Vault count percentage of total count
                 A         B        C        D         E       F
            +---------+---------+-------+---------+---------+-------
      Total |   15168 |    5508 |  26.6 |     210 |      45 |  17.6
            +---------+---------+-------+---------+---------+-------
        D:1 |      11 |       0 |   0.0 |       7 |       0 |   0.0
        D:2 |      38 |      10 |  20.8 |      14 |       6 |  30.0
        D:3 |     233 |       0 |   0.0 |      30 |       0 |   0.0
        D:4 |     167 |       0 |   0.0 |       9 |       0 |   0.0
        D:5 |     511 |       0 |   0.0 |      21 |       0 |   0.0
        D:6 |     953 |       2 |   0.2 |      21 |       1 |   4.5
        D:7 |     850 |       0 |   0.0 |      19 |       0 |   0.0
        D:8 |     890 |     794 |  47.1 |      12 |       2 |  14.3
        D:9 |    3796 |    2116 |  35.8 |      24 |      20 |  45.5
       D:10 |    3790 |     163 |   4.1 |      28 |       8 |  22.2
       D:11 |    3929 |    2423 |  38.1 |      25 |       8 |  24.2
            +---------+---------+-------+---------+---------+-------
